[Event "Titled Tuesday Blitz November 22 Late 2022"]
[White "Fedoseev, Vladimir"]
[Black "Banzea, Alexandru-Bogdan"]
[WhiteFideId "24130737"]
[BlackFideId "1232622"]
[WhiteElo "2726"]
[BlackElo "2294"]
[Result "1-0"]
[Round "06"]
[TimeControl "180+1"]
[Date "2022.11.22"]
[WhiteClock "0:00:30"]
[BlackClock "0:00:02"]

1. c4 Nf6 2. Nc3 g6 3. e4 d6 4. d4 Bg7 5. Be2 O-O 6. Be3 e5 7. d5 Na6 8. Nf3 Ng4 9. Bg5 f6 10. Bh4 g5 11. Nd2 Nh6 12. Bg3 f5 13. h3 Nc5 14. f3 a5 15. Bf2 Bd7 16. g4 fxe4 17. Ndxe4 Nxe4 18. Nxe4 Rf4 19. Qc2 Nf7 20. h4 c6 21. hxg5 cxd5 22. cxd5 Rc8 23. Qd3 Nxg5 24. Nxg5 Qxg5 25. Qxh7+ Kf7 26. Rh5 Qg6 27. Qxg6+ Kxg6 28. Be3 Rb4 29. Bd3+ Kf7 30. Bf5 Bxf5 31. Rxf5+ Kg8 32. Rc1 Rxc1+ 33. Bxc1 Rd4 34. g5 Rxd5 35. g6 Rd3 36. Ke2 e4 37. fxe4 Rg3 38. Rxa5 Rxg6 39. Rb5 Rg2+ 40. Kd3 Rg3+ 41. Kc4 Rg1 42. Bf4 Rg4 43. Bxd6 Rxe4+ 44. Kb3 Re2 45. Ba3 Re3+ 46. Kc2 Re2+ 47. Kd3 Rg2 48. Rxb7 Rg3+ 49. Kc4 Rg2 50. Kb3 Rg4 51. Bb4 Rg3+ 52. Bc3 Bxc3 53. bxc3 Kf8 54. a4 Ke8 55. a5 Kd8 56. a6 Kc8 57. Rb5 Rg1 58. Kb4 Rb1+ 59. Ka5 Ra1+ 60. Kb6 Kb8 61. c4 Ka8 62. c5 Rxa6+ 63. Kc7 Ra7+ 64. Kd6 Ra1 65. c6 Rd1+ 66. Rd5 Rc1 67. Kd7 Kb8 68. Rb5+ Ka7 69. Kc7 Rc2 70. Ra5# 1-0


[Site "https://www.chess.com"]

[Event "Titled Tuesday Blitz November 22 Late 2022"]
[White "Feng, Eric"]
[Black "Boyer, Mahel"]
[WhiteFideId "30952590"]
[BlackFideId "45102422"]
[WhiteElo "1785"]
[BlackElo "2454"]
[Result "0-1"]
[Round "06"]
[TimeControl "180+1"]
[Date "2022.11.23"]
[WhiteClock "0:00:39"]
[BlackClock "0:00:31"]

1. d4 Nf6 2. c4 Nc6 3. Nf3 Nb8 4. g3 Ng8 5. Bg2 g6 6. O-O Bg7 7. Nc3 c5 8. d5 d6 9. e4 Nf6 10. Be3 O-O 11. Ne1 Ng4 12. Bd2 a6 13. h3 Ne5 14. Qe2 b5 15. cxb5 axb5 16. Nxb5 Ba6 17. a4 c4 18. Nf3 Nd3 19. Bc3 Bxb5 20. axb5 Rxa1 21. Rxa1 Qb6 22. Bxg7 Kxg7 23. Qc2 Qxb5 24. Rb1 Na6 25. Nd2 Rc8 26. Bf1 Nab4 27. Qc3+ f6 28. b3 Qc5 29. Bxd3 cxd3 30. Qxc5 Rxc5 31. Nc4 f5 32. f3 fxe4 33. fxe4 Na2 34. Rd1 Rb5 35. Rxd3 Nc1 36. Re3 Nxb3 37. Kg2 Nd4 38. Rd3 Ne2 39. Kf3 Ng1+ 40. Kg2 Rb1 41. Nd2 Rd1 42. h4 Kf6 43. Kf2 h5 44. Rd4 Ke5 45. Nf3+ Nxf3 46. Rxd1 Kxe4 47. Ra1 Ne5 48. Ra7 Kxd5 49. Rxe7 Ke4 50. Re6 d5 51. Ke2 d4 52. Ra6 d3+ 53. Kd2 Kf3 54. Re6 Ke4 55. Re8 Kd4 56. Rf8 Nc4+ 57. Kd1 Kc3 58. Rc8 d2 59. Ke2 Kd4 60. Rd8+ Ke4 61. Re8+ Kf5 62. Rc8 Nd6 63. Rc6 Ne4 64. Rc4 Ke5 65. Ra4 Nc3+ 66. Kxd2 Nxa4 67. Ke3 Nc5 68. Kf3 Kf5 69. Kg2 Kg4 70. Kh2 Ne4 71. Kg2 Nxg3 72. Kh2 Kxh4 73. Kg2 Kg4 74. Kh2 h4 75. Kg2 h3+ 76. Kh2 Kh4 77. Kg1 Nh5 78. Kh2 g5 79. Kg1 g4 80. Kh2 g3+ 81. Kg1 Kg4 82. Kh1 Kf4 83. Kg1 Ke4 84. Kh1 Kd4 85. Kg1 Kd5 86. Kh1 Kc5 87. Kg1 Kc6 88. Kh1 Kb6 89. Kg1 Kb7 90. Kh1 Ka7 91. Kg1 Ka6 92. Kh1 Ka5 93. Kg1 Ka4 94. Kh1 Kb3 95. Kg1 Kc2 96. Kh1 Kd3 97. Kg1 Ke3 98. Kh1 Kf3 99. Kg1 g2 100. Kh2 Kf2 101. Kxh3 g1=Q 102. Kh4 Qg6 103. Kh3 Qg1 104. Kh4 Qg6 105. Kh3 Qg3# 0-1


[Site "https://www.chess.com"]

[Event "Titled Tuesday Blitz November 22 Late 2022"]
[White "Fernandez De La Vara, Arnaldo"]
[Black "Musovic, Armin"]
[WhiteFideId "3518388"]
[BlackFideId "939935"]
[WhiteElo "2387"]
[BlackElo "2288"]
[Result "1-0"]
[Round "06"]
[TimeControl "180+1"]
[Date "2022.11.23"]
[WhiteClock "0:00:25"]
[BlackClock "0:00:17"]

1. Nf3 Nf6 2. g3 g6 3. b3 Bg7 4. Bb2 O-O 5. Bg2 d5 6. c4 c6 7. O-O e6 8. Nc3 Re8 9. d4 Nbd7 10. Nd2 dxc4 11. Nxc4 Nb6 12. Ne5 Nfd7 13. f4 f6 14. Nd3 Nf8 15. e3 Nd5 16. Qd2 b6 17. Ne2 Ba6 18. Rfd1 Rc8 19. Rac1 h5 20. e4 Ne7 21. Nb4 Bb7 22. h3 a5 23. Nd3 Qd7 24. Qe3 Red8 25. g4 hxg4 26. hxg4 e5 27. dxe5 Qxg4 28. exf6 Nf5 29. exf5 c5 30. Qg3 Qxe2 31. Bxb7 Rc7 32. fxg7 Rxb7 33. gxf8=Q+ Kxf8 34. Bf6 Rd6 35. Be5 Rd5 36. Nf2 Rbd7 37. Rxd5 Rxd5 38. Qxg6 Rd2 39. Bd6+ Rxd6 40. Qxd6+ Kg7 41. Qg6+ Kf8 42. Qf6+ Kg8 43. Qe6+ Kf8 44. Qxe2 Kg7 1-0


[Site "https://www.chess.com"]

[Event "Titled Tuesday Blitz November 22 Late 2022"]
[White "Fernandez Garcia, Gumersindo"]
[Black "Rizzo, Tobias"]
[WhiteFideId "24516740"]
[BlackFideId "30942691"]
[WhiteElo "2140"]
[BlackElo "2320"]
[Result "1-0"]
[Round "06"]
[TimeControl "180+1"]
[Date "2022.11.23"]
[WhiteClock "0:00:20"]
[BlackClock "0:00:03"]

1. e4 c5 2. c3 d5 3. exd5 Qxd5 4. d4 cxd4 5. cxd4 Nc6 6. Nf3 e5 7. Be2 e4 8. Nc3 Bb4 9. Nd2 Qxd4 10. O-O Nf6 11. Nb5 Qd8 12. a3 Be7 13. Nc4 O-O 14. Bg5 Be6 15. Nbd6 Qc7 16. Nb5 Qd8 17. Nbd6 Qc7 18. Bf4 Rfb8 19. Bg3 Qd8 20. Nb5 Rc8 21. Qxd8+ Rxd8 22. Nc7 Rac8 23. Nxe6 fxe6 24. Rfd1 Rd5 25. Ne3 Rd4 26. Bc4 Kf7 27. Bb3 Rcd8 28. Kf1 Rd3 29. Bc4 Rd2 30. Rab1 Bc5 31. Ke1 Bxe3 32. fxe3 Rxg2 33. Rxd8 Nxd8 34. Be2 Nd5 35. Bf2 Rxh2 36. Rc1 Nc6 37. b4 a6 38. Bf1 Ke7 39. Rc5 Kd6 40. Bg3+ e5 41. Bxh2 Nf6 42. Rc1 Ng4 43. Bg1 Ne7 44. Be2 Nf6 45. Rd1+ Ke6 46. a4 h5 47. Bc4+ Kf5 48. Bf2 g5 49. Rd6 Ng4 50. Be6+ Kf6 51. Bxg4+ 1-0


[Site "https://www.chess.com"]

[Event "Titled Tuesday Blitz November 22 Late 2022"]
[White "Fernandez Siles, Luis"]
[Black "Aguilar, Juan"]
[WhiteFideId "2209420"]
[BlackFideId "3800091"]
[WhiteElo "2186"]
[BlackElo "2488"]
[Result "0-1"]
[Round "06"]
[TimeControl "180+1"]
[Date "2022.11.23"]
[WhiteClock "0:01:03"]
[BlackClock "0:01:05"]

1. d4 Nf6 2. c4 g6 3. Nc3 d5 4. cxd5 Nxd5 5. Bd2 Bg7 6. e4 Nxc3 7. Bxc3 O-O 8. Qd2 Nc6 9. d5 Ne5 10. f4 Nd7 11. Bxg7 Kxg7 12. O-O-O c6 13. dxc6 bxc6 14. h4 Rb8 15. h5 Qb6 16. hxg6 fxg6 17. Qc3+ e5 18. fxe5 Nc5 19. e6+ Rf6 20. Bc4 Nxe4 21. Qe5 Qe3+ 22. Kb1 Nd2+ 23. Ka1 Qxe5 0-1


[Site "https://www.chess.com"]

[Event "Titled Tuesday Blitz November 22 Late 2022"]
[White "Ferreira, Vitor Hugo Vieira"]
[Black "Nasuta, Grzegorz"]
[WhiteFideId "2119765"]
[BlackFideId "1141686"]
[WhiteElo "2168"]
[BlackElo "2440"]
[Result "0-1"]
[Round "06"]
[TimeControl "180+1"]
[Date "2022.11.23"]
[WhiteClock "0:00:02"]
[BlackClock "0:00:19"]

1. e4 c5 2. Nf3 d6 3. d4 cxd4 4. Nxd4 Nf6 5. Nc3 a6 6. h3 e6 7. g4 h6 8. Bg2 Be7 9. Be3 Nc6 10. Qe2 Nxd4 11. Bxd4 e5 12. Be3 b5 13. O-O-O b4 14. Nd5 Nxd5 15. exd5 f5 16. gxf5 Bxf5 17. Qh5+ g6 18. Qe2 O-O 19. Kb1 Bg5 20. h4 Bxe3 21. fxe3 a5 22. e4 Bd7 23. Bh3 Kh7 24. Rdg1 Rf6 25. Rf1 Rxf1+ 26. Qxf1 Kg7 27. Rg1 Bxh3 28. Qxh3 Qe7 29. Qf5 Qf7 30. Qh3 Rf8 31. a3 Qf2 32. Rg3 Qf1+ 33. Qxf1 Rxf1+ 34. Ka2 Rf4 35. axb4 axb4 36. Re3 Rxh4 37. Kb3 Rh2 38. c3 bxc3 39. Rxc3 Re2 40. Rc7+ Kf6 41. Rd7 Rxe4 42. Rxd6+ Kf5 43. Kc3 h5 44. b4 h4 45. b5 h3 46. Rd8 Rh4 47. Rf8+ Ke4 48. d6 h2 49. Rf1 h1=Q 50. Rxh1 Rxh1 51. b6 Kd5 52. d7 Rh8 53. b7 Kc6 54. b8=Q Rxb8 55. Kd3 Kxd7 56. Ke4 Ke6 57. Kf3 Rb4 58. Kg2 Kf5 59. Kf2 Rf4+ 60. Ke1 g5 61. Kd2 g4 0-1


[Site "https://www.chess.com"]

[Event "Titled Tuesday Blitz November 22 Late 2022"]
[White "Figorito, Nick"]
[Black "Winterberg, Lukas"]
[WhiteFideId "30923689"]
[BlackFideId "24622702"]
[WhiteElo "2296"]
[BlackElo "2349"]
[Result "1/2-1/2"]
[Round "06"]
[TimeControl "180+1"]
[Date "2022.11.23"]
[WhiteClock "0:01:06"]
[BlackClock "0:01:37"]

1. Nf3 Nf6 2. g3 g6 3. Bg2 Bg7 4. O-O O-O 5. c4 c6 6. Nc3 d5 7. cxd5 Nxd5 8. Nxd5 cxd5 9. d4 Nc6 10. Qb3 Qb6 11. Qxd5 Rd8 12. Qg5 h6 13. Qe3 Nxd4 14. Nxd4 Qxd4 15. Qxe7 Bg4 16. Qxb7 Bxe2 17. Be3 Qxb2 18. Qxb2 Bxb2 19. Bxa8 Rxa8 20. Bxh6 Bxa1 21. Rxa1 Rb8 22. Be3 a5 23. Re1 Bf3 24. a4 f5 25. Bd2 Be4 26. Bxa5 Ra8 27. Bc7 Rxa4 28. h4 Kh7 29. Bf4 Kg7 30. Kh2 Ra2 31. Be3 Kf6 32. Rc1 Kf7 33. Kg1 Ke6 34. Kh2 Kd5 35. Rd1+ Ke5 36. Kg1 Bf3 37. Re1 Kf6 38. Bg5+ Kf7 39. Re7+ Kf8 40. Re1 Be4 41. Be3 Kf7 42. Bd4 Ke6 43. Ra1 Rc2 44. Be3 Kd5 45. Rd1+ Ke6 46. Re1 Ra2 47. Rc1 Kd5 48. Rd1+ Kc4 49. Kh2 Bd3 50. Rc1+ Kd5 51. Kg1 Rc2 52. Rxc2 Bxc2 53. Kg2 Ke4 54. Bg5 Bd1 55. Bf6 Bf3+ 56. Kg1 Bh5 57. Be7 Bf3 58. Bc5 Bg4 59. Be3 Bf3 60. Kf1 Bh5 61. Ke1 Bf3 62. Kd2 Bh5 63. Kc3 Kd5 64. Kb4 Bg4 65. Kb5 Be2+ 66. Kb6 Ke4 67. Kc5 Bh5 68. Kd6 Kf3 69. Ke6 Ke4 70. Kf6 Kf3 71. Kg5 Ke4 72. Ba7 Kf3 73. Kf6 Ke4 74. Kg5 Kf3 75. Kf6 Ke4 76. Kg5 1/2-1/2


[Site "https://www.chess.com"]

[Event "Titled Tuesday Blitz November 22 Late 2022"]
[White "Filgueira, Hernan"]
[Black "Mikhalsky, Vladimir"]
[WhiteFideId "101770"]
[BlackFideId "14144352"]
[WhiteElo "2363"]
[BlackElo "2271"]
[Result "0-1"]
[Round "06"]
[TimeControl "180+1"]
[Date "2022.11.23"]
[WhiteClock "0:00:07"]
[BlackClock "0:00:15"]

1. e4 g6 2. d4 Bg7 3. c3 d6 4. Nf3 Nf6 5. Qc2 O-O 6. Be2 e5 7. dxe5 dxe5 8. O-O Nc6 9. Nbd2 Qe7 10. a4 a5 11. b3 Rd8 12. Ba3 Qe8 13. Nc4 b6 14. Ne3 Bb7 15. Bc4 h6 16. Nd5 Nxd5 17. Bxd5 Rd7 18. Rad1 Nd8 19. Bxb7 Nxb7 20. Rxd7 Qxd7 21. Rd1 Qe8 22. Rd5 Rd8 23. Qd3 c6 24. Rxd8 Qxd8 25. Qxd8+ Nxd8 26. Kf1 Ne6 27. Nd2 b5 28. g3 Bf8 29. Bxf8 Kxf8 30. Ke2 Ke7 31. Ke3 Kd6 32. axb5 cxb5 33. f4 Nc5 34. h4 a4 35. bxa4 Nxa4 36. c4 b4 37. Nb3 Nc5 38. fxe5+ Kc6 39. Nd4+ Kd7 40. g4 b3 41. Nb5 b2 42. Nc3 Nb3 43. Nb1 Ke6 44. Kf4 Nd4 45. Ke3 Nc6 46. Kd2 Nxe5 47. Kc2 Nxc4 48. Kc3 Nd6 49. Kxb2 Nxe4 50. Kc2 Nf2 51. g5 hxg5 52. hxg5 Ne4 53. Kd3 Nxg5 54. Nc3 f5 55. Ke3 Ke5 56. Nb5 f4+ 57. Kf2 Ne6 58. Na7 g5 59. Nc6+ Ke4 60. Ne7 g4 61. Ng6 g3+ 62. Kg2 Nd4 63. Nh4 Nf5 64. Nf3 Ne3+ 0-1


[Site "https://www.chess.com"]

[Event "Titled Tuesday Blitz November 22 Late 2022"]
[White "Fiol, Fabrice"]
[Black "Tanenbaum, Zachary"]
[WhiteFideId "611670"]
[BlackFideId "2060850"]
[WhiteElo "2442"]
[BlackElo "2175"]
[Result "0-1"]
[Round "06"]
[TimeControl "180+1"]
[Date "2022.11.23"]
[WhiteClock "0:00:14"]
[BlackClock "0:01:09"]

1. e4 e5 2. Nf3 Nc6 3. Bc4 Nf6 4. d3 Be7 5. a3 O-O 6. Nc3 d6 7. h3 Be6 8. Ba2 Bxa2 9. Rxa2 d5 10. exd5 Nxd5 11. Bd2 f5 12. O-O Bc5 13. Re1 Nxc3 14. Bxc3 e4 15. dxe4 Qxd1 16. Rxd1 fxe4 17. b4 Bb6 18. b5 exf3 19. bxc6 fxg2 20. cxb7 Rab8 21. Rd7 Rxf2 22. Bd4 Rd2 23. Rxg7+ Kf8 24. Bxb6 Kxg7 25. Bf2 Rxb7 26. Kxg2 Rb6 0-1


[Site "https://www.chess.com"]

[Event "Titled Tuesday Blitz November 22 Late 2022"]
[White "Gadimbayli, Abdulla"]
[Black "Melkumyan, Hrant"]
[WhiteFideId "13404938"]
[BlackFideId "13302485"]
[WhiteElo "2399"]
[BlackElo "2604"]
[Result "0-1"]
[Round "06"]
[TimeControl "180+1"]
[Date "2022.11.22"]
[WhiteClock "0:00:11"]
[BlackClock "0:00:41"]

1. e4 c5 2. Nf3 Nc6 3. Bb5 g6 4. Bxc6 dxc6 5. d3 Bg7 6. h3 e5 7. Be3 Qe7 8. Nbd2 Nf6 9. O-O Nd7 10. a3 O-O 11. Qb1 b6 12. b4 Re8 13. Re1 Bf8 14. c3 Ba6 15. Nc4 Qe6 16. Qa2 f6 17. Reb1 Red8 18. a4 cxb4 19. cxb4 Bxc4 20. dxc4 a5 21. bxa5 bxa5 22. Qc2 Nc5 23. Rb6 Na6 24. Bd2 Bc5 25. Rb7 Qc8 26. Rb3 Nb4 27. Bxb4 axb4 28. Rd3 Rxd3 29. Qxd3 Qc7 30. Qb3 Qa7 31. Ra2 Rd8 32. a5 Kg7 33. Ne1 Qd7 34. a6 Qd1 35. Qxd1 Rxd1 36. Kf1 b3 37. Rb2 Bb4 38. Re2 b2 0-1


[Site "https://www.chess.com"]

[Event "Titled Tuesday Blitz November 22 Late 2022"]
[White "Garcia Pantoja, Roberto"]
[Black "Golubev, Mikhail"]
[WhiteFideId "3509265"]
[BlackFideId "14100983"]
[WhiteElo "2524"]
[BlackElo "2374"]
[Result "0-1"]
[Round "06"]
[TimeControl "180+1"]
[Date "2022.11.23"]
[WhiteClock "0:00:09"]
[BlackClock "0:00:09"]

1. e4 c5 2. Nf3 d6 3. d4 cxd4 4. Nxd4 Nf6 5. Nc3 g6 6. Be3 Bg7 7. f3 O-O 8. Qd2 Nc6 9. Bc4 Bd7 10. h4 Ne5 11. Bb3 h5 12. O-O-O Rc8 13. Kb1 Nc4 14. Bxc4 Rxc4 15. g4 hxg4 16. h5 Nxh5 17. Rdg1 Nf6 18. Bh6 Nxe4 19. Nxe4 Rxd4 20. Qe3 Rxe4 21. fxe4 Qb6 22. Qc1 Be5 23. Bxf8 Kxf8 24. Rh7 Bxb2 25. Qxb2 Qxg1+ 26. Qc1 Qxc1+ 27. Kxc1 Kg8 28. Rh4 Kg7 29. Kd2 f5 30. Ke3 e5 31. exf5 gxf5 32. c4 b6 33. Rh5 f4+ 34. Ke4 g3 35. Rg5+ Kf6 36. Rg8 Bc6+ 37. Kd3 g2 38. Ke2 e4 39. Kf2 e3+ 40. Ke2 Ke5 41. Rg6 Be4 42. Rg4 Kd4 43. a4 f3+ 44. Kd1 f2 0-1


[Site "https://www.chess.com"]

[Event "Titled Tuesday Blitz November 22 Late 2022"]
[White "Garcia Ramos, Daniel"]
[Black "Urbina Perez, Juan Antonio"]
[WhiteFideId "32010311"]
[BlackFideId "2217368"]
[WhiteElo "2357"]
[BlackElo "2197"]
[Result "1-0"]
[Round "06"]
[TimeControl "180+1"]
[Date "2022.11.23"]
[WhiteClock "0:00:31"]
[BlackClock "0:00:33"]

1. e4 d5 2. exd5 Qxd5 3. Nc3 Qd8 4. d4 Nf6 5. Bc4 e6 6. Nf3 a6 7. a4 b6 8. O-O Bb7 9. Re1 Be7 10. h3 O-O 11. Bg5 Nbd7 12. Ne5 h6 13. Bh4 Nd5 14. Bxd5 exd5 15. Nc6 Bxc6 16. Bxe7 Qc8 17. Bxf8 Nxf8 18. Qf3 Qd7 19. Re5 Rd8 20. Rae1 Ne6 21. Qe3 Bb7 22. f4 c5 23. Ne2 Qxa4 24. c3 Qc2 25. f5 cxd4 26. Nxd4 Nxd4 27. Qxd4 Qxb2 28. Re8+ Rxe8 29. Rxe8+ Kh7 30. Re7 Bc8 31. Rxf7 Qc1+ 32. Kh2 Qg5 33. f6 Qf5 34. Rxg7+ Kh8 35. f7 1-0


[Site "https://www.chess.com"]

[Event "Titled Tuesday Blitz November 22 Late 2022"]
[White "Gareyev, Timur"]
[Black "Svane, Rasmus"]
[WhiteFideId "14200937"]
[BlackFideId "4657101"]
[WhiteElo "2552"]
[BlackElo "2674"]
[Result "1-0"]
[Round "06"]
[TimeControl "180+1"]
[Date "2022.11.22"]
[WhiteClock "0:00:02"]
[BlackClock "0:00:01"]

1. d4 Nf6 2. c4 e6 3. Nc3 Bb4 4. Nf3 O-O 5. Bg5 c5 6. e3 cxd4 7. exd4 d5 8. Bd3 dxc4 9. Bxc4 Qa5 10. O-O Bxc3 11. bxc3 Nbd7 12. Re1 b6 13. Qd3 Bb7 14. Ne5 Rac8 15. Bd2 Nxe5 16. Rxe5 Bd5 17. Ba6 Rc7 18. Bb5 Qa3 19. Rae1 Rfc8 20. Qg3 Qb2 21. Bh6 g6 22. Qh4 Ng4 23. Qxg4 Qxb5 24. Qh4 f5 25. Qf6 Rf7 26. Qg5 Qd7 27. h4 Qd8 28. Qf4 Rxc3 29. h5 gxh5 30. Rxd5 exd5 31. Re6 Rc8 32. Qe5 Qh4 33. Re8+ 1-0


[Site "https://www.chess.com"]

[Event "Titled Tuesday Blitz November 22 Late 2022"]
[White "Ghazarian, Kirk"]
[Black "Swiercz, Dariusz"]
[WhiteFideId "30908604"]
[BlackFideId "1126881"]
[WhiteElo "2346"]
[BlackElo "2627"]
[Result "1-0"]
[Round "06"]
[TimeControl "180+1"]
[Date "2022.11.22"]
[WhiteClock "0:00:05"]
[BlackClock "0:00:05"]

1. d4 d5 2. Nf3 Nf6 3. Bf4 Bf5 4. e3 e6 5. Bd3 Bg6 6. O-O Bd6 7. Ne5 Nbd7 8. Nxg6 hxg6 9. Bxd6 cxd6 10. c4 dxc4 11. Bxc4 Qc7 12. Be2 d5 13. h3 Rc8 14. Nc3 O-O 15. Rc1 a6 16. Nxd5 Qd6 17. Nxf6+ Nxf6 18. Qb3 Rc7 19. Bf3 b5 20. Rc2 Rfc8 21. Rfc1 g5 22. Rxc7 Rxc7 23. Rc3 Nd7 24. Qc2 Rxc3 25. Qxc3 Nb6 26. b3 Kf8 27. Qc5 Qxc5 28. dxc5 Nc8 29. Bb7 Na7 30. Bxa6 Ke7 31. b4 Kd7 32. a3 Kc6 33. Kf1 f5 34. Ke2 e5 35. g4 g6 36. Kd3 Kc7 37. gxf5 gxf5 38. e4 f4 39. Kd2 Kb8 40. Ke1 Kc7 41. Kf1 Kb8 42. f3 Kc7 43. Ke1 Nc6 44. Bxb5 Nd4 45. Bd3 Nxf3+ 46. Kf2 Nd4 47. a4 Kc6 48. Bc4 Nc2 49. Bd5+ Kc7 50. b5 Nb4 51. b6+ Kb8 52. a5 Nd3+ 53. Kf3 Nxc5 54. Kg4 Kc8 55. Kxg5 f3 56. Kf5 f2 57. Bc4 Nb7 58. Kxe5 Nxa5 59. Bf1 Kb7 60. h4 Nc6+ 61. Kf6 Nb8 62. h5 Nd7+ 63. Kf5 Nf8 64. h6 Kxb6 65. Kf6 Kc5 66. Kf7 Nh7 67. Kg7 Ng5 68. Kg6 Ne6 69. Kf6 Nf8 70. e5 Kd4 71. e6 Nh7+ 72. Kf7 Ng5+ 73. Kf6 Nh7+ 74. Kg7 Ng5 75. e7 Ke5 76. e8=Q+ Kf4 77. Qg6 Nf3 78. Qf6+ Kg3 79. Qxf3+ Kh2 80. Qg2# 1-0


[Site "https://www.chess.com"]

[Event "Titled Tuesday Blitz November 22 Late 2022"]
[White "Goltsev, Dmitry"]
[Black "Paiva, Henrique M A Albergaria"]
[WhiteFideId "24176710"]
[BlackFideId "1920995"]
[WhiteElo "2765"]
[BlackElo "2354"]
[Result "1-0"]
[Round "06"]
[TimeControl "180+1"]
[Date "2022.11.23"]
[WhiteClock "0:00:55"]
[BlackClock "0:00:01"]

1. e4 c5 2. Nf3 d6 3. d4 cxd4 4. Nxd4 Nf6 5. Nc3 a6 6. Be2 e5 7. Nb3 Be7 8. Be3 Be6 9. Nd5 Bxd5 10. exd5 Nbd7 11. c4 b6 12. O-O a5 13. Nc1 O-O 14. Nd3 Nc5 15. a3 a4 16. Nb4 Qd7 17. Nc6 Rfe8 18. f3 g6 19. Qe1 Nh5 20. g3 Bf6 21. Qb4 Qc7 22. Rae1 Ng7 23. Bf2 Nf5 24. Qd2 Bg7 25. Bd1 Qd7 26. Bc2 Ne7 27. Bxc5 bxc5 28. Qd1 Nf5 29. Bxa4 Qc7 30. Bc2 Nd4 31. Bd3 Qb6 32. b4 Nxc6 33. dxc6 cxb4+ 34. Kh1 bxa3 35. Be4 a2 36. Qd3 f5 37. Bd5+ Kh8 38. c7 Ra7 39. Ra1 Qxc7 40. Qc2 e4 41. Rxa2 Rxa2 42. Qxa2 exf3 43. Rxf3 Qc5 44. Kg2 Qb4 45. Re3 Be5 46. Qa7 Qd2+ 47. Kh3 Qd1 48. Qf7 Qh5+ 49. Kg2 Rb8 50. Rxe5 Rb2+ 51. Kf1 Qd1+ 52. Re1 Qd3+ 53. Kg1 Qd4+ 54. Kh1 1-0


[Site "https://www.chess.com"]

[Event "Titled Tuesday Blitz November 22 Late 2022"]
[White "Goroshkov, Maksym"]
[Black "Aggelis, Nikolaos"]
[WhiteFideId "14142716"]
[BlackFideId "4213220"]
[WhiteElo "2257"]
[BlackElo "2189"]
[Result "0-1"]
[Round "06"]
[TimeControl "180+1"]
[Date "2022.11.23"]
[WhiteClock "0:00:21"]
[BlackClock "0:00:12"]

1. e4 c6 2. d4 g6 3. c4 d5 4. exd5 cxd5 5. Nc3 Nf6 6. Nf3 Bg7 7. Ne5 O-O 8. Be2 Nc6 9. O-O dxc4 10. Nxc6 bxc6 11. Bxc4 Nd5 12. Be3 Rb8 13. Bb3 Bf5 14. Qf3 e6 15. Rac1 h5 16. h3 Qh4 17. Rfd1 Rfc8 18. Ne2 Be4 19. Qg3 Qxg3 20. Nxg3 Nxe3 21. fxe3 Bd5 22. Rd3 Bxb3 23. Rxb3 Rxb3 24. axb3 Rb8 25. Rc3 e5 26. Rxc6 exd4 27. exd4 Bxd4+ 28. Kf1 Rxb3 29. Ne4 Rxb2 30. Rc8+ Kg7 31. Rc7 Bb6 32. Rb7 h4 33. Nd6 Rf2+ 34. Ke1 Rxg2 35. Rxf7+ Kh6 36. Rd7 Kg5 37. Rf7 Kh6 38. Rd7 Rg3 39. Nf7+ Kh5 40. Rd5+ g5 41. Ke2 Be3 42. Rd6 Rxh3 43. Rh6+ Kg4 44. Ne5+ Kf5 45. Nf3 Bf4 46. Ra6 Rg3 47. Ra5+ Kg4 48. Nh2+ Kh3 49. Nf3 Rg2+ 50. Kf1 Rg3 51. Kf2 Kg4 52. Nh2+ Kh3 53. Nf3 Rg2+ 54. Kf1 Be3 55. Ne5 Rf2+ 56. Ke1 Bd2+ 57. Kxf2 Bxa5 58. Nf3 Bb6+ 59. Kf1 g4 60. Ng5+ Kg3 61. Ne4+ Kf4 62. Nf6 h3 63. Nh5+ Kg5 64. Ng7 a5 65. Ne6+ Kh4 66. Nf8 a4 67. Nd7 a3 68. Nxb6 a2 69. Nc4 a1=Q+ 70. Ke2 Qa3 71. Nxa3 h2 72. Nc4 h1=Q 73. Ne3 Qf3+ 74. Kd2 Qxe3+ 75. Kxe3 Kh3 76. Kf2 Kh2 77. Kf1 g3 78. Ke2 g2 79. Kf3 g1=Q 80. Ke2 Qg3 81. Kf1 Qc3 82. Ke2 Kg3 83. Kd1 Qb2 84. Ke1 Kf3 85. Kd1 Ke3 86. Ke1 Qa1# 0-1


[Site "https://www.chess.com"]

[Event "Titled Tuesday Blitz November 22 Late 2022"]
[White "Goryachkina, Aleksandra"]
[Black "Pinheiro, Iung Alicio de O."]
[WhiteFideId "4147103"]
[BlackFideId "2104350"]
[WhiteElo "2484"]
[BlackElo "2283"]
[Result "1-0"]
[Round "06"]
[TimeControl "180+1"]
[Date "2022.11.23"]
[WhiteClock "0:00:05"]
[BlackClock "0:00:10"]

1. e4 c6 2. d4 d5 3. e5 Bf5 4. Nd2 e6 5. Nb3 Nd7 6. Nf3 h6 7. c3 Ne7 8. Be2 g5 9. O-O Ng6 10. Ne1 Nf4 11. Bxf4 gxf4 12. Bd3 Qg5 13. Bxf5 Qxf5 14. Qf3 Rg8 15. Nd3 f6 16. exf6 Bd6 17. Rfe1 O-O-O 18. Re2 Rg6 19. Kh1 Rdg8 20. Rg1 Rxf6 21. a4 Rfg6 22. a5 a6 23. Nbc1 Rg4 24. b4 R8g5 25. Nc5 Bxc5 26. bxc5 Rh5 27. h3 Rgh4 28. Kh2 Nf6 29. Nd3 Ng4+ 30. Kh1 Rxh3+ 31. gxh3 Rxh3+ 32. Qxh3 f3 33. Qxg4 Qxd3 34. Qxe6+ Kb8 35. Re3 Qc4 36. Rxf3 Qa2 37. Rf8+ Ka7 38. Rgg8 Qb1+ 39. Kg2 1-0


[Site "https://www.chess.com"]

[Event "Titled Tuesday Blitz November 22 Late 2022"]
[White "Graif, William"]
[Black "Samarth, J Rao"]
[WhiteFideId "2609835"]
[BlackFideId "46652370"]
[WhiteElo "2205"]
[BlackElo "1564"]
[Result "1-0"]
[Round "06"]
[TimeControl "180+1"]
[Date "2022.11.23"]
[WhiteClock "0:00:14"]
[BlackClock "0:00:01"]

1. e4 c5 2. Nc3 e6 3. Nge2 d5 4. exd5 exd5 5. d4 c4 6. g3 Nf6 7. Bg2 h6 8. O-O Bd6 9. Nxd5 Nxd5 10. Bxd5 Qc7 11. Bf4 Bxf4 12. Nxf4 O-O 13. Re1 Rd8 14. Qh5 Nc6 15. c3 b6 16. Bxc4 Nxd4 17. Bd5 Nc6 18. Rad1 Bb7 19. Bb3 Rxd1 20. Rxd1 Ne5 21. Bd5 Rd8 22. Bxb7 Rxd1+ 23. Qxd1 Qxb7 24. Qd5 Qe7 25. Qa8+ Kh7 26. Qe4+ g6 27. Nd3 f6 28. f4 Nc6 29. Qxc6 Qe2 30. Nf2 Qxb2 31. Qc7+ Kg8 32. Ng4 1-0


[Site "https://www.chess.com"]

[Event "Titled Tuesday Blitz November 22 Late 2022"]
[White "Grave, Jacob Templen"]
[Black "Antonio, Jorge Carlos"]
[WhiteFideId "1542656"]
[BlackFideId "113190"]
[WhiteElo "2126"]
[BlackElo "2247"]
[Result "0-1"]
[Round "06"]
[TimeControl "180+1"]
[Date "2022.11.23"]
[WhiteClock "0:00:01"]
[BlackClock "0:00:28"]

1. e4 e5 2. Nf3 Nc6 3. d4 exd4 4. Bc4 Nf6 5. O-O Nxe4 6. Nc3 dxc3 7. Bxf7+ Kxf7 8. Qd5+ Kf6 9. Re1 Ne7 10. Qxe4 Kf7 11. Bg5 d5 12. Qf4+ Kg8 13. Ne5 Qe8 14. bxc3 Ng6 15. Qd4 Be6 16. Nd3 h6 17. Bf4 Kh7 18. Re2 c5 19. Qe3 Bd7 20. Qf3 Qf7 21. Rae1 Be7 22. Qg3 c4 23. Ne5 Nxe5 24. Bxe5 Bf6 25. Bxf6 Qxf6 26. Qc7 Bc6 27. Re7 Rhg8 28. h3 d4 29. R1e6 Qg5 30. Rxc6 bxc6 31. cxd4 Qc1+ 32. Kh2 Qxc2 33. Qxc6 Qxf2 34. Qe4+ Kh8 35. Qg6 Qf6 0-1


[Site "https://www.chess.com"]

[Event "Titled Tuesday Blitz November 22 Late 2022"]
[White "Gurevich, Dmitry"]
[Black "Cardoso Cardoso, Jose Gabriel"]
[WhiteFideId "2000407"]
[BlackFideId "4430492"]
[WhiteElo "2569"]
[BlackElo "2708"]
[Result "1-0"]
[Round "06"]
[TimeControl "180+1"]
[Date "2022.11.23"]
[WhiteClock "0:00:06"]
[BlackClock "0:00:05"]

1. d4 g6 2. c4 Bg7 3. e4 d6 4. Nc3 Nd7 5. Nf3 e5 6. Be2 exd4 7. Nxd4 Ne7 8. h4 Nc6 9. Nxc6 bxc6 10. h5 Rb8 11. h6 Bf6 12. Qc2 O-O 13. b3 Re8 14. Bb2 Nc5 15. f3 Ne6 16. O-O-O Nd4 17. Qd3 a5 18. f4 Bh8 19. Bf3 c5 20. Nd5 a4 21. b4 c6 22. Ne3 Rxb4 23. Bc3 Rb8 24. Nc2 Qb6 25. Nxd4 cxd4 26. Bxd4 Bxd4 27. Qxd4 Qb1+ 28. Kd2 Qxa2+ 29. Ke1 Kf8 30. Qxd6+ Kg8 31. Qxb8 Qc2 32. Qd6 Qc3+ 33. Qd2 Qb3 34. Qd4 Qb4+ 35. Kf2 f6 36. Qxf6 Qc5+ 37. Kg3 Qa7 38. Qg7+ Qxg7 39. hxg7 Kxg7 40. Ra1 Be6 41. Rxa4 Re7 42. Ra6 Bxc4 43. Rxc6 Bf7 44. Rc5 h6 45. Re5 Rd7 46. Re1 Kf6 47. Re3 g5 48. Re2 h5 49. Rxg5 Rd3 50. Rf5+ Kg6 51. Re5 Kf6 52. Rf5+ Kg6 53. Kf2 Bc4 54. Bxh5+ Kh6 55. Bf3 Rc3 56. Rf6+ Kg7 57. e5 Bxe2 58. Bxe2 Rc2 59. Ke3 Rc3+ 60. Bd3 Rc1 61. g4 Rg1 62. g5 Re1+ 63. Kd4 Ra1 64. g6 Ra4+ 65. Bc4 Ra5 66. f5 Ra1 67. Rf7+ Kh8 68. Rh7# 1-0


[Site "https://www.chess.com"]